 Dungeon Crawl Stone Soup version 0.24-a0-29-g43a6aff (console) character file.

Game seed: 6201290762721096457

354 Duffy the Chopper (level 6, 4/52 HPs)
             Began as a Naga Gladiator on Feb 2, 2019.
             Was an Initiate of Ru.
             Quit the game on level 3 of the Dungeon.
             The game lasted 00:03:43 (2630 turns).

Duffy the Chopper (Naga Gladiator)                  Turns: 2630, Time: 00:03:43

Health: 4/52       AC:  6    Str: 18    XL:     6   Next: 62%
Magic:  6/6        EV:  9    Int:  8    God:    Ru [......]
Gold:   73         SH:  0    Dex: 17    Spells: 5/5 levels left

rFire    . . .     SeeInvis +   a - +0 war axe
rCold    . . .     Gourm    +   (no shield)
rNeg     . . .     Faith    .   l - +0 ring mail
rPois    +         Spirit   .   c - +0 helmet
rElec    .         Reflect  .   (no cloak)
rCorr    .         Harm     .   g - +0 pair of gloves
MR       .....                  (no barding)
Stlth    ..........             s - amulet of the gourmand
HPRegen  0.17/turn              i - ring of attention
MPRegen  0.10/turn              w - +4 ring of dexterity

@: lethally poisoned (4 -> -12), hasted, drained, quick
A: large, see invisible, deformed body, poison resistance, slowness 2, slow
metabolism 1, spit poison 1, AC +2
a: Spit Poison, Renounce Religion


You were on level 3 of the Dungeon.
You worshipped Ru.
Ru was noncommittal.
You were not hungry.

You visited 1 branch of the dungeon, and saw 4 of its levels.

You collected 73 gold pieces.

Inventory:

Hand Weapons
 a - a +0 war axe (weapon)
 t - a -1 whip
Missiles
 d - 3 throwing nets (quivered)
 j - 4 curare-tipped needles
Armour
 b - a +0 leather armour
 c - a +0 helmet (worn)
 g - a +0 pair of gloves (worn)
 l - a +0 ring mail (worn)
Jewellery
 i - a ring of attention (left hand)
 s - an amulet of the gourmand (around neck)
 w - a +4 ring of dexterity (right hand)
Scrolls
 e - a scroll of amnesia
 h - a scroll of fear {unknown}
 k - a scroll of remove curse
 m - a scroll of enchant armour {unknown}
 n - a scroll of identify
 q - a scroll of immolation {unknown}
 r - a scroll of teleportation {unknown}
 v - a scroll of random uselessness {unknown}
Comestibles
 f - 4 rations


   Skills:
 - Level 2.0(0.9) Fighting
 + Level 7.2(6.0) Axes
 - Level 1.7(0.7) Throwing
 - Level 2.4(1.3) Dodging


You had 5 spell levels left.
You didn't know any spells.
Your spell library was empty.

Dungeon Overview and Level Annotations

Branches:
Dungeon (4/15)
 Temple: D:4-7

Altars:
Ashenzari
Gozag
Ru
Sif Muna


Innate Abilities, Weirdness & Mutations

You cannot wear boots.
Your serpentine skin is tough. (AC +2)
You have supernaturally acute eyesight. (SInv)
Armour fits poorly on your strangely shaped body.
Your system is resistant to poisons. (rPois)
You cover ground very slowly.
You have a slow metabolism.
You can spit poison.


Message History

Found four items.
Things that are here:
a +0 scale mail; an orc corpse You hit the kobold.
The kobold is severely wounded.
You feel sick. The kobold barely misses you.
You hit the kobold.
You kill the kobold!
You feel sick.
You aren't carrying any potions.
You feel sick.
As you read the scroll labeled ASOEBAKLIV, it crumbles to dust.
It is a scroll of identify.
e - a scroll of amnesia You feel sick.
You feel sick.
You feel sick.
You feel sick.
You see here a scroll labeled LAERATE OMOACW.
Are you sure you want to abandon this character and quit the game? (Confirm with "yes".)

#.################.....
#...................>..
####...################
##...# # #....# #### #
#####[##### #<.# #
#[...%...)# ####..# #
#?#.#.#.#"###.....#
#.....@.##...##._#
###.#.##########.#
...... #.#
##.#.#.#########(#######
##.. ##............[...
..# ########.######..
##. #### ##.# ##. ##
#..# #..# #.. #..# #.##
###.#


There were no monsters in sight!

Vanquished Creatures
  Sigmund (D:3)
  A water moccasin (D:3)
  A gnoll (D:1)
  An adder (D:2)
  A worm (D:1)
  A dart slug (D:1)
  5 leopard geckos
  An orc (D:3)
  3 bats
  4 giant cockroaches
  12 hobgoblins
  A quokka (D:2)
  3 ball pythons
  7 frilled lizards
  7 goblins
  4 kobolds
  11 rats
64 creatures vanquished.

Notes
Turn   | Place    | Note
-------+----------+-------------------------------------------
     0 | D:1      | Duffy the Naga Gladiator began the quest for the Orb.
     0 | D:1      | Reached XP level 1. HP: 19/19 MP: 1/1
   149 | D:1      | Reached XP level 2. HP: 17/26 MP: 2/2
   288 | D:1      | Found a shattered altar of Ashenzari.
   438 | D:1      | Reached skill level 4 in Axes
   443 | D:1      | Reached XP level 3. HP: 15/32 MP: 3/3
  1646 | D:2      | Reached XP level 4. HP: 36/39 MP: 4/4
  1691 | D:2      | Found a deep blue altar of Sif Muna.
  1849 | D:2      | Reached skill level 5 in Axes
  1906 | D:2      | Found a sacrificial altar of Ru.
  2122 | D:2      | Became a worshipper of Ru the Awakened
  2162 | D:3      | Found an opulent altar of Gozag.
  2493 | D:3      | Noticed Sigmund
  2500 | D:3      | Killed Sigmund
  2500 | D:3      | Reached skill level 6 in Axes
  2500 | D:3      | Reached XP level 5. HP: 32/45 MP: 5/5
  2500 | D:3      | Reached XP level 6. HP: 37/52 MP: 6/6
  2597 | D:3      | Noticed a water moccasin
  2620 | D:3      | Killed a water moccasin
  2620 | D:3      | Reached skill level 7 in Axes
  2630 | D:3      | Quit the game

Vault maps used:
D:1:      mrwooster_arrival_statue_3, evilmike_ruin_ashenzari
D:2:      led_sif_pool, nicolae_ru_the_path_less_chosen, first_ration,
          nrook_mini_vaults
D:3:      minmay_spotlight, overflow_temple_1_default, uniq_sigmund
D:4:      uniq_ijyb, uniq_robin

Skill      XL: |  1  2  3  4  5  6 |
---------------+-------------------+-----
Axes           | 4 6 7 |  7.2
Fighting       | |  2.0
Throwing       | |  1.7
Dodging        | |  2.4

Action                   |  1- 3 |  4- 6 || total
-------------------------+-------+-------++-------
Melee: War axe           |   106 |    70 ||   176
 Abil: Spit Poison       |    14 |     2 ||    16
  Use: Potion            |       |     3 ||     3
       Scroll            |       |     2 ||     2
  Eat: Chunk             |     2 |     3 ||     5
Armor: Leather armour    |    12 |       ||    12
       Ring mail         |    54 |    26 ||    80
Dodge: Dodged            |    83 |    57 ||   140

Table legend:
 A = Non-vault XP
 B = Vault XP
 C = Vault XP percentage of total XP
 D = Non-vault monster count
 E = Vault monster count
 F = Vault count percentage of total count
                 A         B        C        D         E       F
            +---------+---------+-------+---------+---------+-------
      Total |     125 |     381 |  75.3 |      59 |       5 |   7.8
            +---------+---------+-------+---------+---------+-------
        D:1 |      61 |       0 |   0.0 |      29 |       0 |   0.0
        D:2 |      55 |       0 |   0.0 |      25 |       0 |   0.0
        D:3 |       9 |     381 |  97.7 |       5 |       5 |  50.0
            +---------+---------+-------+---------+---------+-------
